 Dungeon Crawl Stone Soup version 0.29-a0-517-gbdf32494f2 (webtiles) character file.

Game seed: 11539285697589363594

42 xian the Digger (level 3, -1/16 HPs)
             Began as a Vine Stalker Earth Elementalist on May 30, 2022.
             Slain by an ogre
             ... wielding a +0 giant spiked club
              (17 damage)
             ... on level 3 of the Dungeon.
             The game lasted 00:04:58 (1139 turns).

xian the Digger (Vine Stalker Earth Elementalist)   Turns: 1139, Time: 00:04:58

Health: -1/16      AC:  6    Str: 10    XL:     3   Next: 54%
Magic:  0/7        EV:  7    Int: 17    God:
Gold:   122        SH: 10    Dex: 14    Spells: 5/6 levels left

rFire   + . .      SeeInvis .   g - +0 dagger
rCold   + . .      Faith    .   q - +0 tower shield
rNeg    + . .      Spirit   +   b - +0 robe
rPois   +          Reflect  .   (no helmet)
rElec   +          Harm     .   n - +2 cloak
rCorr   +          Rampage  .   r - +0 pair of gloves
Will    .....                   (no boots)
Stlth   ++........              (no amulet)
HPRegen 0.05/turn               i - +4 ring of slaying
MPRegen 0.10/turn               m - ring of positive energy

@: resistant
A: fangs 2, magic shield, antimagic bite, no potion heal 2
a: no special abilities


You were on level 3 of the Dungeon.
You visited 1 branch of the dungeon, and saw 4 of its levels.

You collected 122 gold pieces.

Inventory:

Hand Weapons
 g - a +0 dagger (weapon)
Missiles
 a - 26 stones
Armour
 b - a +0 robe (worn)
 n - a +2 cloak (worn)
 q - a +0 tower shield (worn)
 r - a +0 pair of gloves (worn)
Jewellery
 i - a +4 ring of slaying (left hand)
 m - a ring of positive energy (right hand)
Scrolls
 e - a scroll of enchant weapon {unknown}
 f - 3 scrolls of amnesia {unknown}
 k - a scroll of silence {unknown}
 o - a scroll of identify {unknown}
 p - a scroll of torment {unknown}
Potions
 c - a potion of magic
 d - a potion of curing {unknown}
 h - a potion of invisibility {unknown}
 j - a potion of cancellation {unknown}
 l - 2 potions of resistance
 s - a potion of heal wounds {unknown}


   Skills:
 + Level 0.1 Fighting
 + Level 0.6 Short Blades
 + Level 1.7 Dodging
 + Level 3.3 Stealth
 + Level 1.0 Unarmed Combat
 + Level 2.3 Spellcasting
 + Level 1.0 Transmutations
 + Level 3.4 Earth Magic


You had 5 spell levels left.
You knew the following spells:

 Your Spells              Type           Power      Damage    Failure   Level
a - Sandblast             Erth           26%        2d8       63%         1

Your spell library contained the following spells:

 Spells                   Type           Power      Damage    Failure   Level
 Passwall                 Tmut/Erth      7%         N/A       91%         2
 Stone Arrow              Conj/Erth      14%        3d7       99%         3
 Petrify                  Tmut/Erth      9%         N/A       100%        4


Dungeon Overview and Level Annotations

Branches:
Dungeon (4/15)
 Temple: D:4-7

Altars:

Shops:
D:1 [!

Annotations:
D:1 Potion of XP


Innate Abilities, Weirdness & Mutations

You have extremely sharp teeth.
When hurt, damage is shared between your health and your magic reserves.
Your bite disrupts and absorbs the magic of your enemies.
Potions cannot restore your health.


Message History

You see here a jackal corpse.
You see here a +0 short sword.
A frilled lizard comes into view.
A sourceless malevolence fills the Dungeon...
You fall into a shaft and drop 2 floors!
The shaft crumbles and collapses.
Found 6 gold pieces and a chain mail.
You now have 122 gold pieces (gained 6).
There are no items here.
Found a robe.
Found a stone staircase leading up.
An ogre comes into view. It is wielding a +0 giant spiked club.
An endoplasm comes into view.
Found 10 stones.
The ogre shouts!
You hear a shout! x3
An orc wizard comes into view. It is wielding a +0 dagger.
The orc wizard shouts!
You block the ogre's attack.
There is a stone staircase leading up here.
You climb upwards.
The orc shouts! x2
Found 10 gold pieces.
There is a stone staircase leading down here.
Okay, then.
It was a potion of resistance.
You feel protected. The ogre closely misses you.
You hit the ogre.
The ogre is moderately wounded.
You block the ogre's attack.
An orc wizard comes into view. It is wielding a +0 dagger.
You completely miss the ogre.
The ogre is moderately wounded.
You block the ogre's attack.
The orc wizard shouts!
You hit the ogre.
The ogre is moderately wounded.
The ogre hits you with a +0 giant spiked club!!
Ouch! That really hurt!
You die...

## .# .#
##.#####.
#@O......
#o.######
#..o.
....o#
#......
####..o.
.....
.....


You could see an ogre, an orc wizard and 3 orcs.

Vanquished Creatures
  3 dart slugs
  3 orcs (D:2)
  3 endoplasms (D:2)
  2 giant cockroaches (D:2)
  4 hobgoblins
  A jackal (D:2)
  2 quokkas (D:2)
  4 ball pythons
  2 bats
  A frilled lizard (D:1)
  A kobold (D:2)
  4 rats
30 creatures vanquished.

Notes
Turn   | Place    | Note
-------+----------+-------------------------------------------
     0 | D:1      | xian the Vine Stalker Earth Elementalist began the quest
                  | for the Orb.
     0 | D:1      | Reached XP level 1. HP: 9/9 MP: 4/4
    40 | D:1      | Found a faded altar of an unknown god.
   126 | D:1      | Reached XP level 2. HP: 13/13 MP: 6/6
   323 | D:1      | Found Beeg's Armour Shoppe.
   401 | D:1      | Found Ufeihot's Distillery.
   709 | D:2      | Reached XP level 3. HP: 14/16 MP: 7/7
  1057 | D:2      | Reached skill level 1 in Unarmed Combat
  1109 | D:2      | You fall into a shaft and drop 2 floors!
  1128 | D:4      | Noticed an ogre
  1139 | D:3      | Slain by an ogre

Illustrated notes

Levels and vault maps discovered:
D:1:      elethiomel_arrival_quiet, layout_rooms, basic_ecumenical_altar,
          serial_shops, nicolae_shop_hallway_plus, nicolae_shop_trees
D:2:      minmay_spotlight, layout_rooms, wad_floor_pattern_untrapped,
          interstate_on_off
D:3:      layout_basic, mainiacjoe_overflow_chevrons
D:4:      layout_basic, kennysheep_pointless_box, hangedman_decor_lopped,
          uniq_blork_the_orc, uniq_menkaure

Skill      XL: |  1  2  3 |
---------------+----------+-----
Stealth        | 3 |  3.3
Unarmed Combat | 1 |  1.0
Fighting       | |  0.1
Short Blades   | |  0.6
Dodging        | |  1.7
Spellcasting   | |  2.3
Transmutations | |  1.0
Earth Magic    | |  3.4

Action                   || total
-------------------------++-------
Melee: Unarmed           ||    16
       Bite              ||    15
       Dagger            ||    37
       Punch             ||     1
 Cast: Sandblast         ||     8
  Use: Potion            ||     1
 Stab: Sleeping          ||     7
Armor: Robe              ||    17
Dodge: Dodged            ||    42
Block: Tower shield      ||     7

Table legend: (Time is in decaauts)
 A = Elapsed time spent in this place.
 B = Non-inter-level travel time spent in this place.
 C = Inter-level travel time spent in this place.
 D = Time resting spent in this place.
 E = Time spent auto-exploring this place.
 F = Levels seen in this place.
 G = Mean time per level.
                   A        B        C        D        E       F      G
               +--------+--------+--------+--------+--------+-----+--------+
         Total |   1139 |   1139 |      0 |      0 |    661 |   4 |  284.8 |
       Dungeon |   1139 |   1139 |      0 |      0 |    661 |   4 |  284.8 |
               +--------+--------+--------+--------+--------+-----+--------+

Top non-repeatable levels by time:
     D:2: 629 daAuts
     D:1: 480 daAuts
     D:4: 25 daAuts
     D:3: 4 daAuts
